 Dungeon Crawl Stone Soup version 0.25.0-10-g039870e (webtiles) character file.

Game seed: 2835381492659572462

159609 shmeve the Peltast (level 17, -1/240 HPs)
             Began as a Minotaur Berserker on June 22, 2020.
             Was the Champion of Trog.
             Killed from afar by a nagaraja (29 damage)
             ... with a lance of force
             ... on level 4 of the Snake Pit.
             The game lasted 01:00:24 (29397 turns).

shmeve the Peltast (Minotaur Berserker)            Turns: 29397, Time: 01:00:24

Health: -1/240     AC: 28    Str: 25    XL:     17   Next: 16%
Magic:  16/16      EV:  2    Int:  5    God:    Trog [******]
Gold:   2639       SH: 19    Dex: 13    Spells: 16/16 levels left

rFire    . . .     SeeInvis .   P - +9 broad axe (vorpal)
rCold    . . .     Gourm    .   Z - +3 kite shield
rNeg     + + +     Faith    .   (armour currently unavailable)
rPois    +         Spirit   .   (helmet currently unavailable)
rElec    .         Reflect  .   (cloak currently unavailable)
rCorr    .         Harm     .   (gloves currently unavailable)
MR       +....     NoTele   +   (boots currently unavailable)
Stlth    +.........             N - amulet of regeneration
HPRegen  0.90/turn              Q - ring of poison resistance
MPRegen  0.15/turn              D - +4 ring of slaying

@: mighty, tree-form, berserk cooldown, very slightly contaminated, slowed,
studying Dodging, very slow
A: (retaliatory headbutt)
a: Berserk, Trog's Hand, Brothers in Arms, Renounce Religion


You were on level 4 of the Snake Pit.
You worshipped Trog.
Trog was exalted by your worship.
You were very hungry.
You were a tree.
You visited 5 branches of the dungeon, and saw 28 of its levels.

You collected 2871 gold pieces.
You spent 232 gold pieces at shops.

Inventory:

Hand Weapons
 C - a +2 hand axe of flaming
 P - a +9 vorpal broad axe (weapon)
Missiles
 o - 28 boomerangs (quivered)
 q - 6 silver boomerangs
 y - 4 silver javelins
 I - 3 throwing nets
Armour
 i - a +3 plate armour (melded)
 p - a +2 cloak of magic resistance (melded)
 v - a +0 pair of gloves (melded)
 O - a +2 hat (melded)
 Z - a +3 kite shield (worn)
Jewellery
 D - a +4 ring of slaying (right branch)
 M - the ring of Gozag's Pride {+Fly MP+9 Str+5}
   (You found it on level 8 of the Dungeon)

   [ring of magical power]

   It affects your strength (+5).
   It affects your magic capacity (+9).
   It lets you fly.
 N - an amulet of regeneration (around neck)
 Q - a ring of poison resistance (left branch)
 W - a +4 ring of slaying
Wands
 d - a wand of paralysis (1)
 t - a wand of acid (4)
 x - a wand of flame (24)
 z - a wand of digging (11)
 F - a wand of disintegration (47)
 H - a wand of iceblast (9)
Scrolls
 a - 4 scrolls of identify
 e - 3 scrolls of magic mapping
 f - 4 scrolls of fog
 j - 14 scrolls of remove curse
 m - 16 scrolls of teleportation
 r - 2 scrolls of blinking
 u - 2 scrolls of enchant weapon
 w - 5 scrolls of enchant armour
 B - 6 scrolls of fear
 E - 3 scrolls of silence {unknown}
Potions
 b - 4 potions of mutation
 g - 11 potions of curing
 h - 4 potions of flight
 k - 3 potions of might
 l - 2 potions of brilliance {unknown}
 n - 6 potions of heal wounds
 s - 2 potions of haste
 A - 3 potions of ambrosia {unknown}
 G - a potion of degeneration {unknown}
 J - 4 potions of lignification
 K - 2 potions of stabbing
 L - a potion of invisibility {unknown}
 R - a potion of cancellation {unknown}
 T - 2 potions of berserk rage {unknown}
 V - a potion of magic {unknown}
 X - a potion of resistance {unknown}
Books
 U - a manual of Dodging
Comestibles
 c - 40 rations


   Skills:
 * Level 16.7 Fighting
 * Level 16.7 Axes
 + Level 10.4 Throwing
 + Level 12.4 Armour
 + Level 11.8 Dodging
 * Level 18.6 Shields


You had 16 spell levels left.
You didn't know any spells.
Your spell library was empty.

Dungeon Overview and Level Annotations

Branches:
Dungeon (15/15)            Temple (1/1) D:7            Lair (6/6) D:11
 Shoals (0/4) Lair:2        Snake (4/4) Lair:4        Slime (0/5) Lair:5
    Orc (2/2) D:12            Elf (0/3) Orc:2        Vaults (0/5) D:13
 Depths (0/5) D:15

Altars:
Gozag
Kikubaaqudgha
Nemelex Xobeh
Sif Muna
Vehumet
Beogh

Shops:
D:10 [   Orc:2 *(([

Annotations:
Lair:6 1 runed translucent door


Innate Abilities, Weirdness & Mutations

((You reflexively headbutt those who attack you in melee.))
((You have a pair of horns on your head.))


Message History

Your +0 pair of gloves melds into your body.
Your +3 plate armour melds into your body.
You feel less resistant to hostile enchantments.
Your roots penetrate the ground.
You feel very sick. The nagaraja casts a spell at you.
The bolt of poison hits you!
You are lethally poisoned!
You resist.
* * * LOW HITPOINT WARNING * * *
The nagaraja spits poison at you. The splash of poison hits you. You resist.
* * * LOW HITPOINT WARNING * * *
Your cyclops closely misses the naga.
Your cyclops hits the naga but does no damage.
You feel better. Something hits your cyclops!
Your cyclops is poisoned.
The nagaraja gestures at you while chanting.
The lance of force hits you!!
You die...

..........#...# N##........#
###########...# #N........N. .
...........# #N.#...N.#. .
...........# #.N.N..N... .
...........# #......N... .
...........# #......NN.. .
...........############N.(##..
#####............)†))....N((.....
....#...........♣()N(N.C...()....
.)=.#............().))...(.......
....#....################........
###.#.... #........ ..#.##..
#........ ..'..# #........ ..#.##
#........ ..#.# +........ ###.#


You could see a nagaraja (fast, catching breath), a naga and a friendly cyclops
(summoned, berserk, very poisoned).

Vanquished Creatures
  Rupert (Lair:3)
  Kirke (D:15)
  Roxanne (Snake:2)
  4 nagarajas
  2 fire giants (D:12)
  An orc warlord (Orc:2)
  Nessos (D:14)
  Azrael (D:13)
  A dire elephant (Lair:6)
  The ghost of Kivvuz the Thaumaturge, a journeyman GnSk of Cheibriados (D:11)
  A vault guard (D:13)
  Josephine (Orc:2)
  A fire dragon (D:15)
  Erolcha (D:12)
  Harold (D:14)
  An ogre mage (D:15)
  12 naga warriors
  10 hydras
  6 centaur warriors
  A catoblepas (Lair:6)
  8 anacondas
  A death knight (D:15)
  3 tengu warriors (D:15)
  7 two-headed ogres
  An orc high priest (Orc:2)
  15 naga sharpshooters
  2 shock serpents
  Urug (D:13)
  2 deep elf knights (D:14)
  7 sea snakes
  4 unseen horrors
  A salamander mystic (Snake:2)
  A wizard (D:15)
  The ghost of belegose the Sneak, a novice GrAr of Ashenzari (D:8)
  A naga ritualist (Snake:2)
  5 lindwurms (Lair:6)
  A phantasmal warrior (D:12)
  6 mana vipers
  3 deep elf magi (D:12)
  A wolf spider (D:15)
  4 orc knights
  3 orc sorcerers
  7 ugly things
  3 manticores
  11 salamanders
  4 cyclopes
  A merfolk siren (Lair:2)
  7 elephants
  Maurice (Orc:2)
  14 naga magi
  3 guardian serpents
  26 black mambas
  3 gargoyles
  5 torpor snails (Lair:6)
  7 spiny frogs
  An efreet (D:15)
  3 rime drakes
  2 komodo dragons
  2 freezing wraiths (D:15)
  A tengu conjurer (D:15)
  2 polar bears (Lair:5)
  9 hornets
  6 trolls
  3 tyrant leeches (Lair:6)
  11 dream sheep
  A meliai zombie (D:10)
  19 slime creatures
  2 blink frogs
  12 hippogriffs
  A shadow (D:14)
  8 wraiths
  2 vampires (D:15)
  Eustachio (D:5)
  2 fire elementals (D:13)
  A human (D:7)
  3 wyverns
  23 yaks
  3 basilisks
  9 hogs
  3 hungry ghosts
  A soldier ant (D:15)
  A warg (D:15)
  43 nagas
  A soldier ant (shapeshifter) (D:15)
  2 acid dragons (D:15)
  3 hell hounds (D:13)
  19 water moccasins
  9 porcupines
  A floating eye (shapeshifter) (D:12)
  4 ice beasts
  33 orc warriors
  4 sky beasts
  3 phantoms
  2 eyes of draining
  3 necrophages
  13 ogres
  6 boggarts
  13 centaurs
  10 crocodiles
  6 wolves
  2 big kobolds
  Blork the orc (D:5)
  20 bullfrogs
  A wyvern zombie (D:14)
  A gnoll sergeant (D:5)
  5 scorpions
  3 killer bees (D:9)
  4 electric eels (D:12)
  4 howler monkeys
  6 centaur zombies
  5 crimson imps
  3 bullfrog zombies
  12 orc priests
  8 jellies
  3 bullfrog skeletons
  22 orc wizards
  5 centaur skeletons
  10 hounds
  3 iguanas
  7 worker ants
  A killer bee zombie (D:9)
  A hound skeleton (D:6)
  2 worker ant zombies
  5 gnolls (D:5)
  15 adders
  6 shadow imps
  4 worms
  6 leopard geckos
  84 orcs
  8 giant cockroaches
  7 goblins
  10 hobgoblins
  8 jackals
  5 quokkas
  5 ball pythons
  2 bats (D:2)
  3 frilled lizards
  A jackal zombie (D:6)
  16 kobolds
  A quokka skeleton (D:6)
  10 rats
  2 fungi (Lair:3)
853 creatures vanquished.

Vanquished Creatures (others)
  An unseen horror (D:13)
  2 fungi (Lair:6)
  16 plants
19 creatures vanquished.

Grand Total: 872 creatures vanquished

Notes
Turn   | Place    | Note
-------+----------+-------------------------------------------
     0 | D:1      | shmeve the Minotaur Berserker began the quest for the Orb.
     0 | D:1      | Reached XP level 1. HP: 19/19 MP: 0/0
   363 | D:1      | Reached XP level 2. HP: 25/27 MP: 1/1
   779 | D:2      | Found a radiant altar of Vehumet.
   975 | D:2      | Reached XP level 3. HP: 33/33 MP: 2/2
  1592 | D:3      | Reached skill level 1 in Throwing
  1773 | D:3      | Reached XP level 4. HP: 39/41 MP: 3/3
  1837 | D:3      | Found a shimmering blue altar of Sif Muna.
  1837 | D:3      | Found an ancient bone altar of Kikubaaqudgha.
  1852 | D:3      | Reached ** piety under Trog
  2126 | D:3      | Reached XP level 5. HP: 44/47 MP: 4/4
  2353 | D:4      | Noticed an ogre
  2360 | D:4      | Killed an ogre
  2360 | D:4      | Reached skill level 5 in Fighting
  2360 | D:4      | Reached skill level 5 in Axes
  2546 | D:4      | Noticed an ogre
  2553 | D:4      | Killed an ogre
  2553 | D:4      | Reached XP level 6. HP: 33/56 MP: 5/5
  3521 | D:5      | Entered Level 5 of the Dungeon
  3551 | D:5      | Reached XP level 7. HP: 63/63 MP: 6/6
  3657 | D:5      | Noticed Eustachio
  3670 | D:5      | Killed Eustachio
  3733 | D:5      | Reached XP level 8. HP: 31/71 MP: 7/7
  4203 | D:5      | Noticed Blork the orc
  4216 | D:5      | Killed Blork the orc
  4394 | D:5      | Reached skill level 5 in Armour
  4720 | D:5      | Reached *** piety under Trog
  4804 | D:6      | Reached skill level 5 in Dodging
  5453 | D:6      | Reached XP level 9. HP: 80/82 MP: 8/8
  6552 | D:7      | Found a staircase to the Ecumenical Temple.
  6593 | D:7      | Found a sparkling altar of Nemelex Xobeh.
  6620 | D:7      | Reached skill level 5 in Throwing
  6768 | D:7      | Reached **** piety under Trog
  7129 | D:8      | Found a runed translucent gate.
  7129 | D:8      | Found an opulent altar of Gozag.
  7130 | D:8      | Found a runed translucent gate.
  7131 | D:8      | Found a runed translucent gate.
  7131 | D:8      | Noticed belegose's ghost (novice GrAr)
  7143 | D:8      | Reached XP level 10. HP: 93/93 MP: 9/9
  7149 | D:8      | Killed an unseen horror
  7149 | D:8      | Reached skill level 10 in Fighting
  7149 | D:8      | Reached skill level 10 in Axes
  7152 | D:8      | Killed belegose's ghost
  7445 | D:8      | Got a faintly glowing wooden ring
  7618 | Temple   | Entered the Ecumenical Temple
  7619 | Temple   | Identified the ring of Gozag's Pride {+Fly MP+9 Str+5} (You
                  | found it on level 8 of the Dungeon)
  8658 | D:10     | Entered Level 10 of the Dungeon
  8881 | D:10     | Found Kireys's Armour Shoppe.
  9519 | D:11     | Noticed a gargoyle
  9530 | D:11     | Killed a gargoyle
  9530 | D:11     | Reached XP level 11. HP: 92/101 MP: 10/10
  9688 | D:11     | Found a staircase to the Lair.
  9688 | D:11     | Noticed a cyan ugly thing
  9703 | D:11     | Killed a cyan ugly thing
  9749 | D:11     | Noticed an eight-headed hydra
  9761 | D:11     | Killed a five-headed hydra
 10032 | D:11     | Killed an unseen horror
 10323 | D:11     | Found a runed translucent door.
 10328 | D:11     | Noticed Kivvuz's ghost (journeyman GnSk)
 10378 | D:11     | Killed Kivvuz's ghost
 10908 | Lair:1   | Entered Level 1 of the Lair of Beasts
 11531 | Lair:1   | Noticed a four-headed hydra
 11538 | Lair:1   | Killed a one-headed hydra
 11981 | Lair:2   | Noticed a six-headed hydra
 11989 | Lair:2   | Killed a one-headed hydra
 12101 | Lair:2   | Reached XP level 12. HP: 106/112 MP: 11/11
 12105 | Lair:2   | Found a staircase to the Shoals.
 13049 | Lair:3   | Reached ***** piety under Trog
 13257 | Lair:3   | Noticed Rupert
 13272 | Lair:3   | Killed Rupert
 13622 | Lair:3   | Noticed an eight-headed hydra
 13632 | Lair:3   | Killed a five-headed hydra
 13632 | Lair:3   | Reached skill level 2 in Shields
 13833 | Lair:3   | Reached skill level 3 in Shields
 14398 | Lair:4   | Reached skill level 4 in Shields
 14539 | Lair:4   | Reached skill level 5 in Shields
 14677 | Lair:4   | Reached skill level 6 in Shields
 14744 | Lair:4   | Found a staircase to the Snake Pit.
 14852 | Lair:4   | Reached skill level 7 in Shields
 15465 | Lair:5   | Found a staircase to the Slime Pits.
 15476 | Lair:5   | Reached skill level 8 in Shields
 15695 | Lair:5   | Got a sapphire broad axe
 15696 | Lair:5   | Identified the cursed +3 broad axe "Undertaker" {pain,
                  | rPois} (You found it on level 5 of the Lair of Beasts)
 15942 | Lair:5   | Reached skill level 9 in Shields
 15952 | Lair:5   | Reached XP level 13. HP: 74/121 MP: 12/12
 15956 | Lair:5   | Reached skill level 10 in Shields
 16797 | Lair:6   | Entered Level 6 of the Lair of Beasts
 17039 | Lair:6   | Received a gift from Trog
 17105 | Lair:6   | Reached skill level 11 in Shields
 17475 | Lair:6   | Reached skill level 12 in Shields
 17580 | Lair:6   | Noticed a dire elephant
 17599 | Lair:6   | Killed a dire elephant
 17738 | Lair:6   | Reached skill level 13 in Shields
 18006 | Lair:6   | Reached skill level 14 in Shields
 18188 | Lair:6   | Paralysed by a hornet for 3 turns
 18609 | Lair:6   | Found a runed translucent door.
 18861 | Lair:6   | Reached skill level 15 in Shields
 19003 | Lair:6   | Noticed a fire dragon
 19487 | D:12     | Found a staircase to the Orcish Mines.
 19654 | D:12     | Reached XP level 14. HP: 129/129 MP: 13/13
 19944 | D:12     | Noticed a fire giant
 19956 | D:12     | Killed a fire giant
 20167 | D:12     | Noticed Erolcha
 20177 | D:12     | Killed Erolcha
 20232 | D:12     | Reached skill level 16 in Shields
 20681 | D:12     | Noticed a fire giant
 20692 | D:12     | Killed a fire giant
 20692 | D:12     | Reached skill level 10 in Armour
 20908 | D:12     | Identified a scroll of acquirement
 21049 | D:13     | Noticed Azrael
 21066 | D:13     | Killed Azrael
 21105 | D:13     | Found a gate to the Vaults.
 21498 | D:13     | Noticed Urug
 21508 | D:13     | Killed Urug
 21880 | D:14     | Noticed Nessos
 21891 | D:14     | Killed Nessos
 22261 | D:14     | Noticed Harold
 22274 | D:14     | Killed Harold
 22380 | D:14     | Reached XP level 15. HP: 139/139 MP: 14/14
 22497 | D:14     | Reached skill level 10 in Dodging
 22708 | D:15     | Entered Level 15 of the Dungeon
 22858 | D:15     | Received a gift from Trog
 22961 | D:15     | Found a staircase to the Depths.
 23112 | D:15     | Noticed Kirke
 23129 | D:15     | Killed Kirke
 23129 | D:15     | Reached skill level 17 in Shields
 23455 | D:15     | Got a shimmering leather armour
 23456 | D:15     | Identified the cursed +1 leather armour "Vism" {SInv} (You
                  | found it on level 15 of the Dungeon)
 23681 | D:15     | Reached skill level 15 in Axes
 23831 | D:15     | Reached skill level 15 in Fighting
 24337 | Orc:1    | Entered Level 1 of the Orcish Mines
 24425 | Orc:2    | Entered Level 2 of the Orcish Mines
 24505 | Orc:2    | Found a staircase to the Elven Halls.
 24505 | Orc:2    | Noticed Josephine
 24513 | Orc:2    | Killed Josephine
 24549 | Orc:2    | Received a gift from Trog
 24554 | Orc:2    | Got a shimmering battleaxe {god gift}
 24555 | Orc:2    | Identified the +9 battleaxe of the Tundras {flame, rElec
                  | Str+4} (Trog gifted it to you on level 2 of the Orcish
                  | Mines)
 24641 | Orc:2    | Noticed an orc warlord
 24648 | Orc:2    | Found Qemoth's Antique Armour Shop.
 24648 | Orc:2    | Found a roughly hewn altar of Beogh.
 24654 | Orc:2    | Killed an orc warlord
 24662 | Orc:2    | Found Xolug's Antique Weapon Boutique.
 24664 | Orc:2    | Reached ****** piety under Trog
 24851 | Orc:2    | Found a roughly hewn altar of Beogh.
 24851 | Orc:2    | Found Heofru's Antique Weapon Shop.
 24962 | Orc:2    | Noticed Maurice
 24969 | Orc:2    | Paralysed by something for 7 turns
 25023 | Orc:2    | Found a roughly hewn altar of Beogh.
 25023 | Orc:2    | Found Qoask's Assorted Antiques.
 25041 | Orc:2    | Bought a scroll of identify for 58 gold pieces
 25041 | Orc:2    | Bought 2 scrolls of identify for 116 gold pieces
 25041 | Orc:2    | Bought a scroll of identify for 58 gold pieces
 25090 | Orc:2    | Found a roughly hewn altar of Beogh.
 25202 | Orc:2    | Killed Maurice
 25241 | Orc:2    | Found a roughly hewn altar of Beogh.
 25319 | Orc:2    | Found a roughly hewn altar of Beogh.
 25534 | Snake:1  | Entered Level 1 of the Snake Pit
 25751 | Snake:1  | Received a gift from Trog
 25979 | Snake:1  | Reached XP level 16. HP: 149/149 MP: 15/15
 27389 | Snake:2  | Received a gift from Trog
 27508 | Snake:2  | Reached skill level 18 in Shields
 27667 | Snake:2  | Identified Roxanne's Compendium of Stones
 27667 | Snake:2  | Noticed Roxanne
 27754 | Snake:2  | Killed Roxanne
 28095 | Snake:3  | Reached skill level 10 in Throwing
 28380 | Snake:3  | Received a gift from Trog
 28873 | Snake:4  | Entered Level 4 of the Snake Pit
 28988 | Snake:4  | Got a masterwork leather armour
 28989 | Snake:4  | Identified the +1 leather armour of the Bull {+Blink rPois
                  | rC- Stlth+} (You found it on level 4 of the Snake Pit)
 29201 | Snake:4  | Reached XP level 17. HP: 116/159 MP: 16/16
 29397 | Snake:4  | Killed from afar by a nagaraja

Illustrated notes

Levels and vault maps discovered:
D:1:      lemuel_arrival_hallway, layout_basic, hangedman_decor_slide_cut,
          minmay_misc_feat_plants
D:2:      layout_basic, nicolae_overflow_crystal_walls, serial_co_window_serial,
          co_window_paths_a, co_window_of_opportunity_a, co_window_paths_b,
          co_window_paths_a, co_window_corner_a, co_window_of_opportunity_c,
          co_window_broadway_c, co_window_2corner, co_window_of_opportunity_b,
          co_window_4corner_a, co_window_4corner_b, glass_columns_c
D:3:      layout_loops_ring, grunt_temple_overflow_open
D:4:      layout_basic, corexii_checkpoint_a, kennysheep_boxes
D:5:      layout_basic, first_ration, uniq_eustachio, uniq_blork_the_orc
D:6:      layout_cave_pods, minmay_tree_intersection,
          kennysheep_opposing_triangles
D:7:      layout_basic, kennysheep_mini, temple_green, grunt_livestock
D:8:      layout_cave_pools, ebering_ghost_gozag, chequers_serial_rivers_marsh
D:9:      layout_irregular_city
D:10:     layout_small_grid, serial_shops, shop
D:11:     layout_basic, lair_entry_dummy, ebering_ghost_reflecting_pool
D:12:     minmay_octo_star, layout_basic, orc_0_dummy, nrook_mini_backslash,
          uniq_erolcha
D:13:     layout_loops_ring, david_vaults_5, uniq_azrael, uniq_urug
D:14:     layout_long_grid, chequers_serial_rivers_room_b, sword_in_stone,
          uniq_nessos
D:15:     grunt_enter_depths_magical_seal, layout_grid_maze,
          ebering_dispersal_statue_hall, uniq_kirke
Temple:   hc_temple_tempest_star
Lair:1:   layout_cave_pods, hangedman_lair_generics_rect, grunt_megastairs_5,
          serial_bayou_shore_b
Lair:2:   layout_roguey, minmay_shoals_entry_lonely_mermaid
Lair:3:   layout_long_grid, chequers_serial_rivers_micro_d, uniq_rupert
Lair:4:   layout_big_grid, guppyfry_snake_entry_island, lemuel_fruit_fields,
          grunt_megastairs_4, lemuel_fruit_tree
Lair:5:   layout_layer_cave, minmay_slime_entry_pillars, beast_lair_carwin_11
Lair:6:   hangedman_lair_in_review, layout_big_grid, wormcave,
          gauntlet_entry_generic
Snake:1:  layout_chambers, drop_trap
Snake:2:  layout_grid_shapes, grunt_megastairs_2, serial_bayou_shore_a,
          uniq_roxanne
Snake:3:  layout_onion_interference
Snake:4:  snake_pit, layout_cave_town, portal_ice_cave_entry_ice_statue_two,
          library_closet, nicolae_snake_springs
Orc:1:    layout_diamond_mine, nicolae_orc_sculptors_studio
Orc:2:    grunt_orc_community_town_hall, layout_diamond_mine,
          grunt_orc_community_big_house_1, grunt_orc_community_big_house_1,
          grunt_orc_community_house_2, grunt_orc_community_house_2,
          grunt_orc_community_house_2, grunt_orc_community_house_2,
          uniq_maurice, uniq_josephine

Skill      XL: |  1  2  3  4  5  6  7  8  9 10 11 12 13 14 15 16 |
---------------+-------------------------------------------------+-----
Fighting       | 4 5 6 8 9 11 12 13 14 15 16 | 16.7
Axes           | 4 5 6 8 9 11 12 13 14 15 16 | 16.7
Throwing       | 1 2 3 4 5 6 7 8 9 10 | 10.4
Armour         | 3 4 5 6 8 9 10 11 12 | 12.4
Dodging        | 3 4 5 6 7 8 9 10 11 | 11.8
Shields        | 9 15 16 17 18 | 18.6

Action                   |  1- 3 |  4- 6 |  7- 9 | 10-12 | 13-15 | 16-18 || total
-------------------------+-------+-------+-------+-------+-------+-------++-------
Melee: Hand axe          |    89 |    76 |       |   269 |   273 |       ||   707
       Headbutt          |     8 |    19 |    44 |   132 |   227 |    82 ||   512
       War axe           |       |    25 |   234 |   267 |    14 |       ||   540
       Broad axe         |       |       |       |       |   616 |   339 ||   955
Throw: Boomerang         |       |    16 |    19 |    28 |    36 |    85 ||   184
Invok: Berserk           |       |     1 |     5 |    10 |    13 |     3 ||    32
       Trog's Hand       |       |       |     3 |     3 |     8 |     4 ||    18
       Brothers in Arms  |       |       |       |       |       |     1 ||     1
  Use: Scroll            |       |       |       |     7 |    26 |     5 ||    38
       Potion            |       |       |       |       |     2 |     4 ||     6
  Eat: Chunk             |     3 |     6 |    15 |    30 |    34 |     4 ||    92
       Ration            |       |       |     1 |     2 |     5 |     3 ||    11
Armor: Scale mail        |    11 |       |       |       |       |       ||    11
       Animal skin       |     1 |       |       |       |       |       ||     1
       Chain mail        |    26 |    61 |   174 |   324 |   200 |       ||   785
       Plate armour      |       |       |       |       |   157 |   137 ||   294
Dodge: Dodged            |    37 |    46 |   141 |   305 |   320 |   122 ||   971
Block: Kite shield       |       |       |       |    59 |   783 |   397 ||  1239
       Buckler           |       |       |       |     8 |       |       ||     8
